 Dungeon Crawl Stone Soup version 0.27-a0-46-g34d46f0a3f (webtiles) character file.

Game seed: 11725866457158632848

5128 Borgoz the Nimble (level 10, -4/88 HPs)
             Began as a Ghoul Gladiator on Jan 6, 2021.
             Was a Believer of Dithmenos.
             Slain by a yak (12 damage)
             ... on level 8 of the Dungeon.
             The game lasted 00:10:41 (7163 turns).

Borgoz the Nimble (Ghoul Gladiator)                 Turns: 7163, Time: 00:10:42

Health: -4/88      AC: 15    Str: 19    XL:     10   Next: 58%
Magic:  9/9        EV: 16    Int:  3    God:    Dithmenos [**....]
Gold:   599        SH:  0    Dex: 13    Spells: 9/9 levels left

rFire    . . .     SeeInvis .     - Unarmed
rCold    + . .     Faith    .   (no shield)
rNeg     + + +     Spirit   .   C - quicksilver dragon scales
rPois    ∞         Reflect  .   b - +0 helmet
rElec    .         Harm     .   A - +2 cloak
rCorr    .         Rampage  .   (no gloves)
Will     +....                  (no boots)
Stlth    ++........             B - amulet of the acrobat
HPRegen  0.00/turn              x - ring of stealth
MPRegen  0.11/turn              (no ring)

@: wreathed by umbra
A: claws 1, cold resistance 1, negative energy resistance 3, inhibited
regeneration, torment resistance, unbreathing
a: Renounce Religion, Shadow Step


You were on level 8 of the Dungeon.
You worshipped Dithmenos.
Dithmenos was pleased with you.
You visited 2 branches of the dungeon, and saw 9 of its levels.
You visited the Abyss 1 time.

You collected 599 gold pieces.

Inventory:

Missiles
 c - 4 throwing nets (quivered)
Armour
 b - a +0 helmet (worn)
 v - the +0 ring mail of Weightlessness {rF+++ Will- Regen+ Str-3}
   (You found it on level 4 of the Dungeon)

   It affects your strength (-3).
   It renders you almost immune to fire.
   It affects your willpower, your defense against some magical effects.
   It increases your rate of regeneration.
 A - a +2 cloak (worn)
 C - quicksilver dragon scales (worn)
Jewellery
 u - an uncursed amulet of regeneration
 x - a ring of stealth (left claw)
 B - an amulet of the acrobat (around neck)
Wands
 l - a wand of iceblast (6)
 s - a wand of disintegration (5)
Scrolls
 d - 3 scrolls of enchant weapon
 f - 2 scrolls of fog {unknown}
 g - a scroll of blinking {unknown}
 h - 2 scrolls of random uselessness {unknown}
 i - 2 scrolls of magic mapping
 j - 4 scrolls of teleportation
 n - a scroll of enchant armour {unknown}
 q - 3 scrolls of remove curse
 t - 3 scrolls of amnesia {unknown}
Potions
 a - a potion of might
 e - 2 potions of heal wounds
 k - a potion of flight
 o - a potion of brilliance
 p - 3 potions of curing {unknown}
 w - 3 potions of attraction {unknown}
 z - 2 potions of cancellation


   Skills:
 + Level 7.9 Fighting
 - Level 1.7 Throwing
 + Level 5.6 Armour
 * Level 9.5 Dodging
 + Level 8.4 Unarmed Combat


You had 9 spell levels left.
You didn't know any spells.
Your spell library contained the following spells:

 Spells                   Type           Power        Failure   Level
 Foxfire                  Conj/Fire      0%           69%         1
 Conjure Flame            Conj/Fire      0%           96%         3
 Inner Flame              Hex/Fire       0%           96%         3
 Sticky Flame             Conj/Fire      0%           100%        4
 Fireball                 Conj/Fire      0%           100%        5


Dungeon Overview and Level Annotations

Branches:
Dungeon (8/15)             Temple (1/1) D:4
   Lair: D:8-11

Altars:
Ashenzari
Cheibriados
Dithmenos
Elyvilon
Fedhas
Gozag
Hepliaklqana
Kikubaaqudgha
Makhleb
Nemelex Xobeh
Okawaru
Qazlal
Ru
Sif Muna
Trog
Uskayaw
Vehumet
Xom
Yredelemnul
The Shining One

Shops:
D:4 !:*[[   D:6 =

Annotations:
D:6 exclusion: statue
D:8 1 runed translucent door, loralnil's ghost, novice GnTm


Innate Abilities, Weirdness & Mutations

You thrive by killing the living.
You are immune to poison.
You have sharp fingernails.
Your flesh is cold resistant. (rC+)
You are immune to negative energy. (rN+++)
You do not regenerate when monsters are visible.
You are immune to unholy pain and torment.
You can survive without breathing.


Message History

* * * LOW HITPOINT WARNING * * *
The yak gores you but does no damage.
You claw the yak!
The yak is heavily wounded.
The yak barely misses you.
You closely miss the yak.
The yak is heavily wounded.
The yak gores you.
* * * LOW HITPOINT WARNING * * *
The yak gores you!
* * * LOW HITPOINT WARNING * * *
You claw the yak!
The yak is almost dead.
The yak closely misses you. The yak gores you but does no damage.
You scratch the yak but do no damage.
The yak is almost dead.
The yak gores you.
* * * LOW HITPOINT WARNING * * *
The yak gores you!
You die...

..... ....#####
........# ...$#.#$#
........# ....#.#.# #
#......?# ....#?#.#+#.#
#.......# ≈...'........
##≈...≈..# ≈≈≈)'≈≈≈≈≈≈≈≈
≈≈≈.≈≈≈.# ≈...'.Y......
#≈≈≈≈≈≈≈≈ ..††#†#.#.#.#
#@Y≈...≈≈ ..†.#.# #
##Y†.....≈ ....#.#
#........#
....###########........#
............Y..........#
.......................#
...................#####
####...........#####
#...############


You could see 2 yaks.

Vanquished Creatures
  Psyche (D:8)
  Maggie (D:8)
  A komodo dragon (D:8)
  10 yaks (D:8)
  Menkaure (D:5)
  Edmund (D:5)
  Duvessa (D:7)
  2 black bears
  3 centaurs (D:7)
  4 ogres
  Blork the orc (D:5)
  A big kobold (D:8)
  3 bullfrogs
  Dowan (D:7)
  3 scorpions
  8 killer bees
  2 howler monkeys (D:7)
  3 jellies
  A quasit (D:7)
  2 hounds
  4 orc wizards
  2 orc priests (D:5)
  6 worker ants
  3 iguanas
  A killer bee zombie (D:5)
  A worker ant zombie (D:5)
  4 gnolls (D:5)
  4 adders
  3 ufetubi
  An ooze (D:2)
  An adder skeleton (D:5)
  A worm (D:3)
  A dart slug (D:3)
  4 leopard geckos
  12 orcs
  A ball python (D:2)
  7 bats
  6 giant cockroaches
  10 goblins
  9 hobgoblins
  15 jackals
  6 quokkas
  5 frilled lizards
  A jackal skeleton (D:4)
  13 kobolds
  A quokka skeleton (D:8)
  12 rats
184 creatures vanquished.

Vanquished Creatures (others)
  25 fungi
  7 plants (D:8)
  5 toadstools (D:7)
37 creatures vanquished.

Grand Total: 221 creatures vanquished

Notes
Turn   | Place    | Note
-------+----------+-------------------------------------------
     0 | D:1      | Borgoz the Ghoul Gladiator began the quest for the Orb.
     0 | D:1      | Reached XP level 1. HP: 17/17 MP: 0/0
   115 | D:1      | Found a snail-covered altar of Cheibriados.
   124 | D:1      | Reached skill level 3 in Dodging
   124 | D:1      | Reached XP level 2. HP: 15/25 MP: 1/1
   764 | D:2      | Reached XP level 3. HP: 30/30 MP: 2/2
   821 | D:2      | Found a shadowy altar of Dithmenos.
  1111 | D:2      | Found a faded altar of an unknown god.
  1499 | D:3      | Noticed a bullfrog
  1511 | D:3      | Killed a bullfrog
  1512 | D:3      | Reached skill level 4 in Dodging
  1512 | D:3      | Reached XP level 4. HP: 33/38 MP: 3/3
  1512 | D:3      | Reached XP level 5. HP: 39/45 MP: 4/4
  1724 | D:3      | Found a basalt altar of Yredelemnul.
  1725 | D:3      | Found a bloodstained altar of Trog.
  1783 | D:3      | Found a white marble altar of Elyvilon.
  2386 | D:4      | Found Tedo's Armour Shop.
  2458 | D:4      | Found Qaugomi's Antique Armour Shop.
  2492 | D:4      | Reached XP level 6. HP: 47/52 MP: 5/5
  2548 | D:4      | Found Jieci's General Store.
  2551 | D:4      | Found a staircase to the Ecumenical Temple.
  2560 | D:4      | Found Kiorphaeq's Distillery.
  2565 | Temple   | Entered the Ecumenical Temple
  2862 | D:2      | Became a worshipper of Dithmenos the Shadowed
  2975 | D:4      | Found Lonat's Book Boutique.
  3407 | D:4      | Got a brightly glowing ring mail
  3557 | D:5      | Entered Level 5 of the Dungeon
  3579 | D:5      | Noticed Menkaure
  3593 | D:5      | Killed Menkaure
  3594 | D:5      | Reached skill level 1 in Armour
  3594 | D:5      | Reached skill level 5 in Dodging
  3594 | D:5      | Reached XP level 7. HP: 23/59 MP: 6/6
  3822 | D:5      | Identified the cursed +0 ring mail of Weightlessness {rF+++
                  | Will- Regen+ Str-3} (You found it on level 4 of the
                  | Dungeon)
  3926 | D:5      | Reached skill level 5 in Unarmed Combat
  4156 | D:5      | Noticed Blork the orc
  4213 | D:5      | Killed Blork the orc
  4493 | D:5      | Got a warped long sword
  4494 | D:5      | Identified the +4 long sword "Jejipsio" {freeze, MP+9} (You
                  | found it on level 5 of the Dungeon)
  4665 | D:5      | Noticed Edmund
  4683 | D:5      | Killed Edmund
  4684 | D:5      | Reached skill level 5 in Fighting
  4684 | D:5      | Reached skill level 6 in Dodging
  4684 | D:5      | Reached XP level 8. HP: 43/68 MP: 7/7
  4815 | D:5      | Found an iron altar of Okawaru.
  4835 | D:5      | Reached * piety under Dithmenos
  5064 | D:6      | Found a hazy altar of Hepliaklqana.
  5148 | D:6      | Found Milyqioj's Jewellery Shoppe.
  5242 | D:6      | Found a radiant altar of Vehumet.
  5729 | D:7      | Reached skill level 7 in Dodging
  5793 | D:7      | Noticed Dowan
  5799 | D:7      | Noticed Duvessa
  5812 | D:7      | Killed Duvessa
  5813 | D:7      | Reached XP level 9. HP: 69/75 MP: 8/8
  5823 | D:7      | Killed Dowan
  5991 | D:7      | Found a glowing golden altar of the Shining One.
  6413 | D:7      | Reached ** piety under Dithmenos
  6511 | D:8      | Noticed Psyche
  6514 | D:8      | Cast into level 1 of the Abyss (Psyche)
  6582 | Abyss:1  | Found a corrupted altar of Lugonu.
  6587 | D:8      | Escaped the Abyss
  6589 | D:8      | Killed Psyche
  6590 | D:8      | Reached skill level 8 in Dodging
  6657 | D:8      | Found a shimmering altar of Xom.
  6672 | D:8      | Found a runed translucent door.
  6673 | D:8      | Noticed loralnil's ghost (novice GnTm)
  6695 | D:8      | Found an iron altar of Okawaru.
  6799 | D:8      | Noticed a komodo dragon
  6822 | D:8      | Killed a komodo dragon
  7029 | D:8      | Reached XP level 10. HP: 51/86 MP: 9/9
  7059 | D:8      | Noticed Maggie
  7075 | D:8      | Killed Maggie
  7076 | D:8      | Reached skill level 5 in Armour
  7096 | D:8      | Reached skill level 9 in Dodging
  7163 | D:8      | Slain by a yak

Illustrated notes

Levels and vault maps discovered:
D:1:      minmay_arrival_hallway, layout_rooms, cheibriados_altar_1
D:2:      layout_loops_ring, chequers_ecumenical_altar_island, st_stairs_7,
          ebering_dispersal_statue_hall,
          nicolae_dithmenos_through_a_glass_darkly
D:3:      minmay_razor_zed, layout_basic, gammafunk_temple_overflow_statue,
          elyvilon_altar_4
D:4:      layout_loops_ring, minmay_temple_entry_junction_2, serial_shops, shop,
          shop, shop, kennysheep_little_box, shop
D:5:      layout_basic, okawaru_altar_gauntlet_db, uniq_edmund,
          uniq_blork_the_orc, uniq_menkaure
D:6:      layout_basic, vehumet_statue, basic_altar, serial_shops,
          nicolae_shop_trees
D:7:      layout_loops_cross, basic_altar, minmay_gold_behind_fungi,
          minmay_statues_item, uniq_duvessa
D:8:      argonaut_augean_stables, layout_basic, nzn_wu_jian_contemplation,
          nicolae_overflow_crystal_walls, grunt_lair_entry_orc_guard_hut,
          basic_altar, serial_shops, shop, ebering_ghost_inner_flame,
          uniq_psyche, uniq_maggie
Temple:   eino_narrow_crystal_temple

Skill      XL: |  1  2  3  4  5  6  7  8  9 10 |
---------------+-------------------------------+-----
Dodging        | 3 4 5 6 7 8 9 |  9.5
Fighting       | 3 4 5 7 |  7.9
Unarmed Combat | 4 5 6 7 8 |  8.4
Armour         | 1 2 3 4 5 |  5.6
Throwing       | |  1.7

Action                   |  1- 3 |  4- 6 |  7- 9 | 10-12 || total
-------------------------+-------+-------+-------+-------++-------
Melee: Unarmed           |   143 |   129 |   483 |    65 ||   820
       Punch             |     2 |     1 |    18 |     3 ||    24
Throw: Throwing net      |       |     1 |       |       ||     1
Evoke: Wand              |       |       |     5 |       ||     5
  Use: Scroll            |       |       |    15 |       ||    15
       Potion            |       |       |       |     3 ||     3
 Stab: Sleeping          |       |       |     3 |       ||     3
       Invisible         |       |       |       |     9 ||     9
Armor: Leather armour    |    11 |       |       |       ||    11
       Ring mail         |    27 |    45 |    77 |       ||   149
       Quicksilver drago |       |       |    85 |    15 ||   100
Dodge: Dodged            |    82 |    76 |   447 |    68 ||   673

Table legend: (Time is in decaauts)
 A = Elapsed time spent in this place.
 B = Non-inter-level travel time spent in this place.
 C = Inter-level travel time spent in this place.
 D = Time resting spent in this place.
 E = Time spent auto-exploring this place.
 F = Levels seen in this place.
 G = Mean time per level.
                   A        B        C        D        E       F      G
               +--------+--------+--------+--------+--------+-----+--------+
         Total |   7081 |   6609 |    472 |    999 |   4086 |  10 |  708.1 |
       Dungeon |   6814 |   6355 |    459 |    999 |   3889 |   8 |  851.8 |
        Temple |    194 |    181 |     13 |      0 |    181 |   1 |  194.0 |
         Abyss |     72 |     72 |      0 |      0 |     16 |   1 |   72.0 |
               +--------+--------+--------+--------+--------+-----+--------+

Top non-repeatable levels by time:
     D:5: 1292 daAuts
     D:4: 1000 daAuts
     D:7: 939 daAuts
     D:3: 894 daAuts
     D:2: 761 daAuts
     D:1: 690 daAuts
     D:6: 679 daAuts
     D:8: 557 daAuts
  Temple: 194 daAuts
 Abyss:1: 72 daAuts
